 Dungeon Crawl Stone Soup version 0.30-a0-591-g3c58d2bc28 (webtiles) character file.

Game seed: 14937861535584982420

6682 flotson the Trooper (level 10, -5/71 HPs)
             Began as a Demonspawn Delver on Jan 5, 2023.
             Was a Follower of Hepliaklqana.
             Slain by an orc warrior
             ... wielding a +0 halberd of venom
              (12 damage)
             ... on level 9 of the Dungeon.
             The game lasted 00:17:43 (10169 turns).

flotson the Trooper (Demonspawn Delver)            Turns: 10169, Time: 00:17:43

Health: -5/71      AC: 13    Str: 20    XL:     10   Next: 73%
Magic:  13/13      EV: 15    Int:  6    God:    Hepliaklqana [*.....]
Gold:   1401       SH:  0    Dex: 18    Spells: 9/9 levels left

rFire   . . .      SeeInvis .    Q - +1 scimitar (heavy)
rCold   + . .      Faith    .    (no shield)
rNeg    + . .      Spirit   .    V - +0 acid dragon scales
rPois   .          Reflect  .    (no helmet)
rElec   .          Harm     +    y - +1 cloak "Quhafext" {Harm +Inv Str+2 Int-5}
rCorr   +          Rampage  .    G - +0 pair of gloves
Will    .....                    T - +1 pair of boots {Fly}
Stlth   +++++                    (no amulet)
HPRegen 0.31/turn                s - ring of positive energy
MPRegen 0.26/turn                a - ring of protection from cold

@: lethally poisoned (-5 -> -38), flying
A: reduced essence, hooves 1, thin skeletal structure 2, magic regeneration
a: Renounce Religion, Evoke Invisibility, Recall Ancestor, Ancestor Identity


You were on level 9 of the Dungeon.
You worshipped Hepliaklqana.
Hepliaklqana was aware of your devotion.
You visited 2 branches of the dungeon, and saw 10 of its levels.
You also visited: Bailey.

You collected 1401 gold pieces.

Inventory:

Hand Weapons
 D - a +1 heavy hand axe
 J - a +0 battleaxe of electrocution
 N - a +2 trident of venom
 Q - a +1 heavy scimitar (weapon)
Missiles
 t - 14 poisoned darts
 K - an atropa-tipped dart
 R - 26 boomerangs (quivered)
Armour
 q - a scarf of repulsion
 y - the +1 cloak "Quhafext" (worn) {Harm +Inv Str+2 Int-5}
   (You found it on level 3 of the Dungeon)

   Str:       It affects your strength (+2).
   Int:       It affects your intelligence (-5).
   +Inv:      It lets you turn invisible.
   Harm:      It increases damage dealt and taken.
 G - a +0 pair of gloves (worn)
 S - a +1 scale mail of fire resistance
 T - a +1 pair of boots of flying (worn)
 V - +0 acid dragon scales (worn)
Jewellery
 a - a ring of protection from cold (right hand)
 s - a ring of positive energy (left hand)
Wands
 g - a wand of digging (1)
 o - a wand of light (1)
 C - a wand of flame (14)
 H - a wand of iceblast (8)
 M - a wand of mindburst (10)
 P - a wand of charming (4)
Scrolls
 c - 4 scrolls of fog
 d - a scroll of magic mapping
 e - a scroll of fear
 i - 3 scrolls of amnesia {unknown}
 j - 8 scrolls of identify {unknown}
 k - a scroll of poison {unknown}
 m - 3 scrolls of enchant armour {unknown}
 u - 2 scrolls of noise {unknown}
 w - a scroll of vulnerability {unknown}
 A - 3 scrolls of teleportation {unknown}
 F - a scroll of blinking {unknown}
 I - 3 scrolls of enchant weapon {unknown}
 L - a scroll of butterflies {unknown}
Potions
 b - a potion of magic {unknown}
 f - 2 potions of haste
 h - a potion of cancellation {unknown}
 l - 2 potions of curing
 n - 2 potions of berserk rage {unknown}
 p - a potion of degeneration {unknown}
 r - 2 potions of brilliance {unknown}
 v - 4 potions of attraction {unknown}
 x - 4 potions of might {unknown}
 z - 2 potions of ambrosia {unknown}
 B - a potion of lignification {unknown}
 E - 4 potions of flight
 O - a potion of mutation {unknown}
Miscellaneous
 U - a phial of floods


   Skills:
 + Level 7.1 Fighting
 + Level 6.2 Axes
 + Level 5.6 Throwing
 + Level 5.8 Armour
 + Level 6.2 Dodging
 - Level 5.0 Stealth
 + Level 4.7 Invocations
 + Level 6.4 Evocations


You had 9 spell levels left.
You didn't know any spells.
Your spell library contained the following spells:

 Spells                   Type           Power      Damage    Failure   Level
 Necrotise                Necr           0%         1d4       54%         1
 Ignite Poison            Fire/Tmut/Pois 0%         N/A       88%         3
 Tukima's Dance           Hex            0%         N/A       88%         3
 Vampiric Draining        Necr           0%         2d6       88%         3
 Passage of Golubria      Tloc           0%         N/A       99%         4
 Sticky Flame             Conj/Fire      0%         2d3       99%         4
 Agony                    Necr           0%         N/A       100%        5
 Yara's Violent Unravell  Hex/Tmut       0%         3d3       100%        5
 Ignition                 Fire           0%         3d3       100%        8


Dungeon Overview and Level Annotations

Branches:
Dungeon (9/15)             Temple (1/1) D:7            Lair (0/5) D:9
 Bailey (visited)
    Orc: D:9-12

Altars:
Ashenzari
Cheibriados
Dithmenos
Hepliaklqana
Kikubaaqudgha
Makhleb
Nemelex Xobeh
Qazlal
Ru
Sif Muna
Uskayaw
Vehumet
Wu Jian
Xom
Yredelemnul

Shops:
D:1 (   D:5 !   D:7 [


Innate Abilities, Weirdness & Mutations

Your life essence is reduced to manifest your ancestor. (-10% HP)
You have large cloven feet.
You have a moderately thin skeletal structure. (Dex +4, Stealth++)
You regenerate magic rapidly.


Message History

An orc warrior and an orc wizard come into view.
The orc warrior is wielding a +0 halberd of venom.
The orc warrior shouts!
You hear a shout! x3
An orc comes into view. It is wielding a +0 flail.
An orc comes into view. It is wielding a +0 club.
There is an open door here.
An orc comes into view. It is wielding a +0 club.
The orc moves out of view.
You closely miss the orc. The orc hits you with a +0 flail. The orc misses you.
Amnanu hits the orc.
You catch the helpless orc completely off-guard!
You slice the orc!!
You kill the orc!
The orc warrior barely misses you.
Amnanu hits the orc warrior!
The orc warrior hits you from afar with a +0 halberd of venom.
You are poisoned.
You swap places.
You feel sick.
The orc warrior hits you with a +0 halberd of venom!
You are more poisoned.
Things that are here:
a +0 flail; an orc corpse You hit the orc warrior but do no damage.
The orc warrior is moderately wounded.
You feel extremely sick. The orc warrior completely misses you.
The orc warrior hits you with a +0 halberd of venom!
You are more poisoned.
You are too injured to fight recklessly!
You are too injured to fight recklessly!
You are too injured to fight recklessly!
You slash the orc warrior!
The orc warrior is severely wounded.
* * * LOW HITPOINT WARNING * * *
You feel extremely sick.
The orc warrior hits you with a +0 halberd of venom!
* * * LOW HITPOINT WARNING * * *
You are more poisoned.
The orc warrior barely misses you.
The orc warrior hits you with a +0 halberd of venom!
You die...

*,............*.#....#.P.)...
*,#.........#.#.'....#.....P.
*,#.........#,#,#....##......
*.............**#....##......
*#......#########....)......P
#.#..#.#,.....,#.#..).#.....
#.#..#.#,,ooo,,#............
######......##*#o####...........P
.............###@#...######...P†.
...........#.#..R#.#.## #.#..P.
...........#.+...#....# #......
.............#'###..#R# #...##.
#######'#...........#_###########
........#.###########'#..........
...######.............#........##
...#.........†.####'###........#.
...#....#...##.#...............#.


You could see the friendly Amnanu the ancestor, an orc warrior (ally target), an
orc wizard and 2 orcs.

Vanquished Creatures
  A two-headed ogre (D:8)
  A cyclops (D:7)
  Joseph (D:8)
  Maggie (D:7)
  2 hornets
  Prince Ribbit (D:8)
  Menkaure (D:4)
  2 acid dragons
  A water moccasin (D:9)
  8 orc warriors
  An ogre (D:5)
  A phantom (D:7)
  4 centaurs
  Blork the orc (D:5)
  4 bullfrogs
  A gnoll sergeant (D:7)
  A necrophage (D:6)
  3 scorpions
  5 killer bees (D:7)
  A howler monkey (D:7)
  An electric eel (D:6)
  2 jellies
  4 orc priests
  4 hounds
  5 iguanas
  10 gnolls
  4 adders
  2 ufetubi
  2 worms
  2 dart slugs
  19 orcs
  4 ball pythons
  4 bats
  12 endoplasms
  8 giant cockroaches
  10 goblins
  10 hobgoblins
  15 jackals
  3 quokkas
  2 frilled lizards
  15 kobolds
  11 rats
190 creatures vanquished.

Vanquished Creatures (collateral kills)
  A centaur warrior (D:9)
  A troll (D:9)
  A water moccasin (D:9)
  An orc warrior (Bailey)
  3 bullfrogs (D:9)
  2 orc wizards (D:9)
  An orc (D:9)
  5 kobolds (Bailey)
15 creatures vanquished.

Vanquished Creatures (others)
  40 fungi (D:9)
  39 plants (D:9)
79 creatures vanquished.

Grand Total: 284 creatures vanquished

Notes
Turn   | Place    | Note
-------+----------+-------------------------------------------
     0 | D:5      | flotson the Demonspawn Delver began the quest for the Orb.
     0 | D:5      | Reached XP level 1. HP: 18/18 MP: 1/1
    70 | D:3      | Gained mutation: You have a somewhat thin skeletal
                  | structure. (Dex +2, Stealth+) [demonic ancestry]
    70 | D:3      | Reached XP level 2. HP: 12/24 MP: 2/2
   348 | D:3      | Reached XP level 3. HP: 28/29 MP: 3/3
   391 | D:2      | Reached skill level 1 in Evocations
   642 | D:1      | Found Vyzoiv's Antique Weapon Emporium.
   856 | D:1      | Reached skill level 1 in Armour
   861 | D:1      | Reached XP level 4. HP: 27/35 MP: 4/4
  1015 | D:1      | Found a runed translucent door.
  1679 | D:3      | Identified the +1 cloak "Quhafext" {Harm +Inv Str+2 Int-5}
  1930 | D:3      | Gained mutation: You have a moderately thin skeletal
                  | structure. (Dex +4, Stealth++) [demonic ancestry]
  1930 | D:3      | Reached XP level 5. HP: 19/41 MP: 5/5
  2059 | D:3      | Reached skill level 5 in Stealth
  2358 | D:4      | Noticed Menkaure
  2657 | D:4      | Reached skill level 1 in Throwing
  3219 | D:4      | Gained mutation: You regenerate magic rapidly. [demonic
                  | ancestry]
  3219 | D:4      | Reached XP level 6. HP: 48/48 MP: 6/6
  3691 | D:4      | Killed Menkaure
  3692 | D:4      | Reached skill level 4 in Fighting
  4032 | D:5      | Gained mutation: You have large cloven feet. [demonic
                  | ancestry]
  4032 | D:5      | Reached XP level 7. HP: 51/54 MP: 7/7
  4151 | D:5      | Found Agisy's Distillery.
  4247 | D:5      | Noticed Blork the orc
  5135 | D:5      | Found Agisy's Distillery.
  5211 | D:5      | Killed Blork the orc
  6137 | D:6      | Found an ornate altar of the Wu Jian Council.
  6249 | D:6      | Found a shimmering altar of Xom.
  6558 | D:6      | Reached XP level 8. HP: 61/61 MP: 8/8
  6776 | D:7      | Reached skill level 5 in Fighting
  6798 | D:7      | Noticed a hornet
  6806 | D:7      | Killed a hornet
  6889 | D:7      | Found a faded altar of an unknown god.
  6889 | D:7      | Found a faded altar of an unknown god.
  6914 | D:7      | Found a radiant altar of Vehumet.
  6932 | D:7      | Noticed a cyclops
  6939 | D:7      | Killed a cyclops
  6940 | D:7      | Reached XP level 9. HP: 36/68 MP: 9/9
  7027 | D:7      | Noticed Maggie
  7334 | D:7      | Killed Maggie
  7335 | D:7      | Reached skill level 6 in Fighting
  7335 | D:7      | Reached skill level 5 in Dodging
  7335 | D:7      | Reached skill level 5 in Evocations
  7390 | D:7      | Reached skill level 5 in Axes
  7446 | D:7      | Found a snail-covered altar of Cheibriados.
  7450 | D:7      | Found Cheibriados's Comfort Zone.
  7609 | D:7      | Found a staircase to the Ecumenical Temple.
  7614 | Temple   | Entered the Ecumenical Temple
  7695 | Temple   | Became a worshipper of Hepliaklqana the Forgotten
  7859 | D:8      | Reached skill level 1 in Invocations
  7972 | D:8      | Noticed a two-headed ogre
  8080 | D:8      | Noticed Joseph
  8091 | D:8      | Killed Joseph
  8251 | D:8      | Killed a two-headed ogre
  8252 | D:8      | Reached skill level 5 in Armour
  8252 | D:8      | Reached XP level 10. HP: 77/77 MP: 10/12
  8318 | D:8      | Noticed Prince Ribbit
  8324 | D:8      | Killed Prince Ribbit
  8325 | D:8      | Reached skill level 5 in Throwing
  8772 | D:9      | Found a flagged portal.
  8780 | Bailey   | Entered a bailey
  8780 | Bailey   | Reached * piety under Hepliaklqana
  9552 | D:9      | Noticed a centaur warrior
  9556 | D:9      | Killed a centaur warrior
  9757 | D:9      | Reached skill level 7 in Fighting
  9761 | D:9      | Found a staircase to the Lair.
 10148 | D:9      | Found a hide-covered altar of Uskayaw.
 10169 | D:9      | Slain by an orc warrior

Illustrated notes

Levels and vault maps discovered:
D:1:      dpeg_arrival_caged_fury, layout_rooms, serial_shops,
          nicolae_shop_statue_plus
D:2:      layout_basic, kennysheep_generic_room_9
D:3:      layout_basic
D:4:      corexii_shack_village, layout_basic, uniq_menkaure
D:5:      layout_basic, serial_shops, nicolae_lakefront_shop, uniq_blork_the_orc
D:6:      layout_rooms, mainiacjoe_overflow_alcove_2, nzn_wu_jian_contemplation,
          kennysheep_generic_room_16
D:7:      layout_cave_pools, chequers_temple_overflow_minitemple,
          temple_doors_ab, minmay_shop_chei, uniq_maggie
D:8:      layout_rooms, uniq_prince_ribbit1, uniq_joseph
D:9:      layout_stronghold, kennysheep_mini, due_lair_maze_entry_diamond,
          enter_bailey_2, grunt_livestock
Temple:   eino_temple_scatter_basement

Skill      XL: |  1  2  3  4  5  6  7  8  9 10 |
---------------+-------------------------------+-----
Dodging        | 2 3 4 5 6 |  6.2
Axes           | 2 3 4 5 6 |  6.2
Evocations     | 1 2 3 4 5 6 |  6.4
Armour         | 1 2 3 4 5 |  5.8
Stealth        | 5 |  5.0
Throwing       | 1 2 3 4 5 |  5.6
Fighting       | 4 5 6 7 |  7.1
Invocations    | 2 4 |  4.7

Action                   |  1- 3 |  4- 6 |  7- 9 | 10-12 || total
-------------------------+-------+-------+-------+-------++-------
Melee: Hand axe          |   138 |   116 |    15 |       ||   269
       Punch             |     2 |     1 |       |     2 ||     5
       War axe           |       |    68 |       |       ||    68
       Halberd           |       |    18 |       |       ||    18
       Battleaxe         |       |       |   103 |    10 ||   113
       Scimitar          |       |       |       |    78 ||    78
Throw: Dart              |       |     3 |    32 |       ||    35
       Boomerang         |       |       |       |    22 ||    22
Evoke: Wand              |       |     4 |     7 |     2 ||    13
  Use: Scroll            |       |     1 |       |     1 ||     2
       Potion            |       |       |     1 |       ||     1
 Stab: Sleeping          |     2 |    10 |     6 |     2 ||    20
       Distracted        |       |     2 |     1 |     1 ||     4
Armor: Leather armour    |    28 |       |       |       ||    28
       Chain mail        |    38 |       |       |       ||    38
       Scale mail        |    14 |    89 |    41 |    55 ||   199
       Steam dragon scal |       |       |    10 |    19 ||    29
Dodge: Dodged            |    78 |   106 |   102 |   121 ||   407

Table legend: (Time is in decaauts)
 A = Elapsed time spent in this place.
 B = Non-inter-level travel time spent in this place.
 C = Inter-level travel time spent in this place.
 D = Time resting spent in this place.
 E = Time spent auto-exploring this place.
 F = Levels seen in this place.
 G = Mean time per level.
                   A        B        C        D        E       F      G
               +--------+--------+--------+--------+--------+-----+--------+
         Total |  10405 |   9995 |    410 |    555 |   7494 |  11 |  945.9 |
       Dungeon |   9635 |   9250 |    385 |    547 |   7001 |   9 | 1070.6 |
        Temple |    134 |    109 |     25 |      0 |     99 |   1 |  134.0 |
        Bailey |    635 |    635 |      0 |      8 |    394 |   1 |  635.0 |
               +--------+--------+--------+--------+--------+-----+--------+

Top non-repeatable levels by time:
     D:5: 2116 daAuts
     D:4: 1387 daAuts
     D:3: 1261 daAuts
     D:7: 1008 daAuts
     D:9: 906 daAuts
     D:2: 857 daAuts
     D:8: 835 daAuts
     D:6: 705 daAuts
  Bailey: 635 daAuts
     D:1: 555 daAuts
  Temple: 134 daAuts
